AoeStats
← Gripen

Arabia

510964841Analyzed
2v2 RM · 10h ago on Oct 3, 2026· 40m 27s· 4 players
Game mode
Random Map
Map size
Medium (4 player)
Population
200
Speed
Normal
Resources
Standard
Victory
Conquest
Starting age
Dark Age
Ending age
Imperial Age
RankedLock teamsTeams togetherTeam positionsShared explorationLock speedFull tech treeHidden civsTurbo modeCheats
Victory
Defeat
🇸🇪 Franks · Sweden
1493
+11
🇸🇪 Byzantines · Sweden
1263
+21
🇷🇺 Varangians · Russia
1377
-16
🇷🇺 Saxons · Russia
1377
-16
m@verick
5:04 Loom
9:45 Feudal Age
10:26 Double-Bit Axe
10:53 Town Watch
10:58 Man-at-Arms
23:57 Castle Age
23:27 Fletching
24:06 Forging
24:21 Padded Archer Armor
24:12 Pikeman
25:19 Crossbowman
26:07 Bodkin Arrow
29:01 Leather Archer Armor
32:00 Thumb Ring
36:29 Ballistics
alex
2:37 Loom
6:25 Loom
9:31 Feudal Age
10:01 Double-Bit Axe
13:08 Bloodlines
17:17 Scale Barding Armor
22:59 Castle Age
22:01 Horse Collar
22:13 Gold Mining
22:45 Forging
24:15 Husbandry
24:55 Iron Casting
29:51 Wheelbarrow
31:49 Chain Barding Armor
35:35 Stone Mining
42:29 Imperial Age
J.D.Rehn
8:44 Loom
11:11 Feudal Age
11:59 Double-Bit Axe
19:22 Horse Collar
24:26 Castle Age
23:24 Gold Mining
24:45 Fletching
24:30 Crossbowman
25:24 Bodkin Arrow
26:53 Ballistics
26:00 Pikeman
29:40 Bow Saw
31:22 Wheelbarrow
31:02 Padded Archer Armor
32:21 Thumb Ring
34:08 Hand Cart
40:38 Imperial Age
39:41 Gold Shaft Mining
39:00 Stone Mining
41:05 Leather Archer Armor
Gripen
6:40 Loom
9:00 Feudal Age
9:46 Double-Bit Axe
19:44 Castle Age
18:35 Forging
18:31 Scale Barding Armor
19:47 Light Cavalry
20:57 Bow Saw
22:33 Husbandry
25:04 Chain Barding Armor
26:38 Wheelbarrow
30:08 Iron Casting
31:40 Hand Cart
37:21 Imperial Age
36:26 Town Watch
38:20 Cavalier
39:52 Plate Barding Armor
39:20 Gold Mining
Connection lost

Rejoining the realm…

Still unreachable

The connection could not be restored.

Session expired

The server has moved on; the page needs a fresh start.